cohdb
Replays
Latest Replays
All Replays
Popular Replays
Top Player Replays
Match Explorer
How It Works
Community
CoH3 Stats
Reddit
Sign in to upload your games and track your stats! →
Sign in with Steam
Match 43690197
Unlisted
Match 43690197
Overview
Messages
Build Orders
End
Scout Squad
Construct Barracks
Riflemen Squad
Riflemen Squad
Infantry Support Center
M1 Mortar Team
Construct Weapon Support Center
Selects Heavy Weapons
Selects Assault Carriers
M3 Assault Carrier
M3 Assault Carrier
Selects Exchangeable Parts
Construct Medical Station
Engineer Squad
M3 Assault Carrier
Grenade Package
M1919 Machine Gun Team
Riflemen Squad
M1918 Browning Automatic Rifles
Riflemen Squad
Advanced Logistics
Survival Training
Bazooka Squad
Munitions Surplus
Bazooka Squad
Selects M26 Pershing Heavy Tank
M26 Pershing Heavy Tank
Selects M2HB .50cal Heavy Machine Gun
Anticafe
Onkor
[PD]Folscher
Apache
0
0
Comments
sign in to comment!
No comments posted yet!